 Dungeon Crawl Stone Soup version 0.23.2-40-g277498a001 (webtiles) character file.

Game seed: 18100480488540228060

70 DildoBatman the Conjurer (level 4, -2/30 HPs)
             Began as a Formicid Wizard on Sept 17, 2019.
             Slain by an orc
             ... wielding a +2 flail of protection
              (8 damage)
             ... on level 2 of the Dungeon.
             The game lasted 00:03:47 (1386 turns).

DildoBatman the Conjurer (Formicid Wizard)          Turns: 1386, Time: 00:03:48

Health: -2/30      AC:  2    Str: 12    XL:     4   Next: 44%
Magic:  0/8        EV: 12    Int: 18    God:
Gold:   70         SH:  0    Dex: 11    Spells: 2/9 levels left

rFire    . . .     SeeInvis +   e - +0 dagger
rCold    . . .     Gourm    .   (no shield)
rNeg     . . .     Faith    .   a - +0 robe
rPois    .         Spirit   .   (helmet unavailable)
rElec    .         Reflect  .   (no cloak)
rCorr    .         Harm     .   (no gloves)
MR       .....                  (no boots)
Stlth    ++........             (no amulet)
HPRegen  0.10/turn              g - +2 ring of dexterity
MPRegen  0.11/turn              (no ring)

@: no status effects
A: permanent stasis, dig shafts and tunnels, four strong arms, antennae 3
a: Dig, Shaft Self


You were on level 2 of the Dungeon.
You were not hungry.

You visited 1 branch of the dungeon, and saw 2 of its levels.

You collected 70 gold pieces.

Inventory:

Hand Weapons
 e - a +0 dagger (weapon)
Missiles
 d - 38 stones (quivered)
Armour
 a - a +0 robe (worn)
Jewellery
 g - a +2 ring of dexterity (left hand)
Scrolls
 c - 2 scrolls of identify {unknown}
 h - 2 scrolls of teleportation {unknown}
 i - a scroll of enchant armour {unknown}
 j - a scroll of random uselessness {unknown}
 k - a scroll of blinking {unknown}
Potions
 b - a potion of cancellation {unknown}
 l - a potion of curing {unknown}


   Skills:
 - Level 1.7 Dodging
 - Level 2.4 Stealth
 - Level 3.2 Spellcasting
 * Level 3.5 Conjurations
   Level 1.0 Summonings
   Level 0.8 Translocations


You had 2 spell levels left.
You knew the following spells:

 Your Spells              Type           Power        Failure   Level  Hunger
a - Conjure Flame         Conj/Fire      #.......     22%         3    ###....
c - Magic Dart            Conj           ###.         3%          1    None
e - Mephitic Cloud        Conj/Pois/Air  #.......     28%         3    ###....

Your spell library contained the following spells:

 Spells                   Type           Power        Failure   Level  Hunger
 Call Imp                 Summ           #.......     16%         2    ##.....
 Slow                     Hex            #.......     24%         2    ##.....
 Blink                    Tloc           Unusable     N/A         2    N/A

Dungeon Overview and Level Annotations

Branches:
Dungeon (2/15)

Altars:


Innate Abilities, Weirdness & Mutations

You cannot be hasted, slowed, berserked, paralysed or teleported.
You can dig through walls and to a lower floor.
Your four strong arms can wield two-handed weapons with a shield.
You have a pair of large antennae on your head. (SInv)


Message History

Aim: a gnoll, wielding a +0 hand axe and wearing an uncursed ring of ice (almost dead)
The magic dart hits the gnoll but does no damage.
The gnoll is almost dead.
The gnoll barely misses you.
Casting: Magic Dart (safe; 4% risk of failure)
Confirm with . or Enter, or press ? or * to list all spells.
You don't have enough magic to cast that spell.
You hit the gnoll.
You kill the gnoll!
Casting: Magic Dart (safe; 3% risk of failure)
Confirm with . or Enter, or press ? or * to list all spells.
You don't have enough magic to cast that spell.
The orc hits you but does no damage.
Things that are here:
a +0 hand axe an uncursed ring of ice 14 gold pieces You barely miss the orc.
The orc hits you with a +2 flail of protection!
You die...

..........)............
##.###.##.#..<...###'##.
# #.#.###)...........
##.# #...#......... #.#
#.#.##......... {
#..#.##.##.....(...
##.................
###...##.....#)##.
#.$.....@#.# #
#....#..o#.#
#....#...#.# #........#
# #.#..#.).# #.#..#=..#
#. ....# ## ..#####..#
#.# .........# ..#


You could see an orc.

Vanquished Creatures
  An orc wizard (D:2)
  A gnoll (D:2)
  A giant cockroach (D:2)
  3 goblins (D:1)
  5 hobgoblins
  4 jackals (D:2)
  4 kobolds
  A quokka (D:2)
  6 bats
  A frilled lizard (D:2)
  2 rats (D:1)
29 creatures vanquished.

Notes
Turn   | Place    | Note
-------+----------+-------------------------------------------
     0 | D:1      | DildoBatman the Formicid Wizard began the quest for the
                  | Orb.
     0 | D:1      | Reached XP level 1. HP: 13/13 MP: 4/4
    40 | D:1      | Reached skill level 1 in Conjurations
   267 | D:1      | Reached XP level 2. HP: 19/19 MP: 0/6
   762 | D:2      | Reached XP level 3. HP: 22/24 MP: 0/7
  1058 | D:1      | Learned a level 3 spell: Conjure Flame
  1062 | D:1      | Learned a level 3 spell: Mephitic Cloud
  1173 | D:2      | Reached XP level 4. HP: 21/30 MP: 2/8
  1386 | D:2      | Slain by an orc

Skill      XL: |  1  2  3 |
---------------+----------+-----
Conjurations   | 1 2 3 |  3.5
Dodging        | |  1.7
Stealth        | |  2.4
Spellcasting   | |  3.2
Summonings     | |  1.0
Translocations | |  0.8

Action                   |  1- 3 |  4- 6 || total
-------------------------+-------+-------++-------
Melee: Unarmed           |     6 |       ||     6
       Dagger            |    27 |    19 ||    46
 Cast: Magic Dart        |    54 |    17 ||    71
       Mephitic Cloud    |     2 |     1 ||     3
 Abil: Dig               |     2 |     1 ||     3
 Stab: Confused          |     2 |       ||     2
  Eat: Ration            |       |     1 ||     1
Armor: Robe              |     7 |     6 ||    13
Dodge: Dodged            |    39 |    26 ||    65
